Map: Abiogenesis LE

Players

fruitcake - Winner!

  • Race: Zerg Zerg
  • Spawn Location: 5:00

GetShwifty

  • Race: Terran Terran
  • Spawn Location: 11:00

VOD

Have the link to the VOD?

Description

Time

  • Played on: May 9, 2018, 3:27 p.m.
  • Length: 6:41
Show
View Real Time Build Order
Export as new Build Order

fruitcake Zerg - Winner!

Build Orders: Pool First 

Get SALT Encoding   

  12  0:00  Drone  
  13  0:12  Overlord  
  13  0:17  Drone  
  14  0:23  Drone, Extractor  
  14  0:31  Drone  
  14  0:35  Drone  
  16  0:50  Spawning Pool  
  16  0:52  Drone  
  16  1:09  Drone x2  
  18  1:18  Drone  
  19  1:31  Drone  
  20  1:42  Hatchery  
  20  1:44  Zergling x2  
  20  1:47  Queen  
  20  1:52  Extractor  
  20  1:53  Drone  
  22  2:03  Overlord  
  22  2:13  Roach Warren  
  22  2:14  Drone  
  22  2:23  Drone  
  23  2:32  Zergling x2  
  24  2:44  Zergling x2  
  25  2:51  Queen  
  25  2:58  Zergling x8  
  31  3:01  Drone  
  32  3:07  Zergling x2  
  32  3:08  Zergling x2  
  34  3:13  Evolution Chamber  
  34  3:16  Metabolic Boost  
  34  3:17  Drone  
  34  3:21  Drone  
  34  3:26  Drone  
  36  3:33  Overlord  
  36  3:49  Overlord x2  
  36  4:02  Drone x2  
  38  4:11  Drone  
  38  4:14  Roach x3  
  38  4:15  Roach  
  47  4:26  Roach x2  
  47  4:27  Roach  
  53  4:40  Zerg Melee Weapons Level 1  
  53  4:42  Roach x2  
  53  4:45  Zergling x2  
  58  4:48  Zergling x2  
  59  4:56  Zergling x2  
  60  5:06  Overlord x2  
  60  5:12  Overlord x2  
  60  5:24  Roach  
  60  5:25  Roach x3  
  60  5:26  Ravager  
  60  5:28  Ravager  
  70  5:36  Ravager x2  
  70  5:41  Roach x2  
  70  5:42  Roach  
  78  6:17  Roach  
  78  6:18  Roach x4, Zergling x6  
Show
View Real Time Build Order
Export as new Build Order

GetShwifty Terran 

Build Orders:  

Get SALT Encoding   

  12  0:13  Refinery  
  12  0:39  Refinery  
  12  0:43  Supply Depot  
  12  1:17  SCV  
  13  1:29  SCV  
  14  1:41  SCV  
  15  1:53  SCV, Barracks  
  16  2:17  Engineering Bay  
  16  2:22  SCV  
  17  2:34  SCV  
  18  2:46  SCV  
  19  2:55  Marine  
  20  2:58  SCV  
  21  3:10  SCV  
  22  3:13  Marine  
  23  3:22  Terran Infantry Weapons Level 1  
  23  4:02  Bunker  
  23  4:57  Command Center  
  23  5:04  Refinery  
  23  5:25  Marine  
  22  5:43  Marine  
Tags
 
Add a new tag
Caveats
  • Supply blocks, unpowered buildings, or Contaminate may cause inaccurate times.
  • Supply counts are checked every 10 seconds.